 Dungeon Crawl Stone Soup version 0.30.1-11-g7821555f0a (webtiles) character file.

Game seed: 654999030772785079

632429 Nonny the Slayer (level 26, 0/342 (352) HPs)
             Began as a Merfolk Gladiator on Nov 21, 2023.
             Was a Believer of Yredelemnul.
             Slain by Ignacio
             ... wielding a +4 executioner's axe of pain
              (4 damage)
             ... in Pandemonium on Nov 22, 2023.
             The game lasted 04:39:36 (64225 turns).

Nonny the Slayer (Merfolk Gladiator)               Turns: 64225, Time: 04:39:38

HP:   0/342 (352)   AC: 43    Str: 18    XL:     26   Next: 91%
MP:   0/25          EV: 14    Int: 12    God:    Yredelemnul [**....]
Gold: 2261          SH: 16    Dex: 12    Spells: 23/25 levels left

rFire   . . .        y - +4 demon trident (elec)
rCold   + + .        D - +1 tower shield {rPois}
rNeg    + + .        r - +9 plate armour {rF+}
rPois   +            U - +2 hat {Stlth+}
rElec   +            k - +2 cloak {Stlth+}
rCorr   +            p - +1 pair of gloves "Nuulen" {rC- Regen+ rCorr Int+2}
SInv    +            l - +0 pair of boots "Raiq" {rElec Int+2 Dex-3}
Will    ++++.        Q - amulet of Utsu {Spirit MP-9 Int+2 SInv} Stlth
                     R - ring of Zilaw {rN++ rCorr EV+5}
HPRegen 1.57/turn    W - ring "Uczotz" {rF- rC+++ Will+++ AC+4 Int-4}
MPRegen 0.19/turn

%: guardian spirit
@: berserking (expiring), studying 2 skills, lightly drained, very quick
A: (nimble swimmer 2), mertail, clumsy 1, low MP 1, weak 2
}: 6/15 runes: decaying, serpentine, slimy, silver, abyssal, demonic
a: Renounce Religion, Recall Undead Harvest, Dark Bargain


You were in Pandemonium.
You worshipped Yredelemnul.
Yredelemnul was greatly pleased with you.
You visited 11 branches of the dungeon, and saw 48 of its levels.
You visited Pandemonium 1 time, and saw 5 of its levels.
You visited the Abyss 3 times.
You also visited: Sewer, Volcano and Wizlab.

You collected 8182 gold pieces.
You spent 5921 gold pieces at shops.

Inventory:

Hand Weapons
 y - a +4 demon trident of electrocution (weapon)
 O - the +10 glaive of the Fresh God {heavy, +Blink rC+ Stlth+}
   (You took it off a wight on level 9 of the Dungeon)

   rC:        It protects you from cold.
   +Blink:    It lets you blink.
   Stlth:     It makes you more stealthy.
Missiles
 b - 383 stones (quivered)
 c - 20 atropa-tipped darts
 e - 10 silver javelins
 f - 38 poisoned darts
 g - 2 throwing nets
 J - 33 curare-tipped darts
 L - 6 datura-tipped darts
Armour
 k - a +2 cloak of stealth (worn)
 l - the +0 pair of boots "Raiq" (worn) {rElec Int+2 Dex-3}
   (You found it on level 4 of the Dungeon)

   Int:       It affects your intelligence (+2).
   Dex:       It affects your dexterity (-3).
   rElec:     It insulates you from electricity.
 p - the +1 pair of gloves "Nuulen" (worn) {rC- Regen+ rCorr Int+2}
   (You found it on level 5 of the Pits of Slime)

   Int:       It affects your intelligence (+2).
   rC:        It makes you vulnerable to cold.
   Regen:     It increases your rate of health regeneration.
   rCorr:     It protects you from acid and corrosion.
 r - a +9 plate armour of fire resistance (worn)
 D - a +1 tower shield of poison resistance (worn)
 U - a +2 hat of stealth (worn)
Jewellery
 F - a ring of poison resistance
 K - a ring of protection from fire
 Q - the amulet of Utsu (around neck) {Spirit MP-9 Int+2 SInv}
   (You took it off a draconian shifter on level 4 of the Depths)

   [amulet of guardian spirit]

   It causes incoming damage to be divided between your reserves of health and
   magic.
   Int:       It affects your intelligence (+2).
   MP:        It affects your magic capacity (-9).
   SInv:      It lets you see invisible.
 R - the ring of Zilaw (left hand) {rN++ rCorr EV+5}
   (You bought it in a shop on level 4 of the Snake Pit)

   [ring of evasion]

   EV:        It affects your evasion (+5).
   rN:        It greatly protects you from negative energy.
   rCorr:     It protects you from acid and corrosion.
 W - the ring "Uczotz" (right hand) {rF- rC+++ Will+++ AC+4 Int-4}
   (You bought it in a shop on level 2 of the Orcish Mines)

   [ring of protection]

   AC:        It affects your AC (+4).
   Int:       It affects your intelligence (-4).
   rF:        It makes you vulnerable to fire.
   rC:        It renders you almost immune to cold.
   Will:      It greatly increases your willpower.
 X - the ring of the Peculiar Curses {rF+ rC+ Stlth+}
   (You took it off a vault guard on level 5 of the Vaults)

   [ring of protection from cold]

   rF:        It protects you from fire.
   rC:        It protects you from cold.
   Stlth:     It makes you more stealthy.
Wands
 m - a wand of polymorph (30)
 n - a wand of mindburst (30)
 u - a wand of iceblast (74)
 G - a wand of paralysis (35)
 I - a wand of acid (30)
Scrolls
 a - a scroll of fog
 q - 6 scrolls of poison
 z - a scroll of fear
 C - 2 scrolls of noise
 E - 7 scrolls of teleportation
 H - 5 scrolls of immolation
 M - 4 scrolls of vulnerability
Potions
 d - a potion of invisibility
 i - 12 potions of brilliance
 v - 13 potions of flight
 w - 8 potions of curing
 A - 5 potions of resistance
 B - 5 potions of mutation
 P - 7 potions of attraction
 S - 5 potions of magic
 Z - 4 potions of berserk rage
Miscellaneous
 h - a box of beasts
 s - a lightning rod (2/4)
 Y - a tin of tremorstones (inert)


   Skills:
 - Level 25.0 Fighting
 - Level 23.8 Polearms
 - Level 2.0 Throwing
 - Level 21.2 Armour
 - Level 16.2 Dodging
 * Level 7.6 Stealth
 * Level 9.6 Shields
 - Level 22.5 Invocations
 - Level 9.0 Evocations


You had 23 spell levels left.
You knew the following spells:

 Your Spells              Type           Power      Damage    Failure   Level
a - Passwall              Tmut/Erth      0%         N/A       100%        2

Your spell library contained the following spells:

 Spells                   Type           Power      Damage    Failure   Level
 Apportation              Tloc           0%         N/A       100%        1
 Beastly Appendage        Tmut           0%         N/A       100%        1
 Kiss of Death            Conj/Necr      0%         2d5       100%        1
 Magic Dart               Conj           0%         1d3       100%        1
 Sandblast                Erth           0%         2d4       100%        1
 Shock                    Conj/Air       0%         1d3       100%        1
 Sting                    Tmut/Pois      0%         1d3       100%        1
 Cigotuvi's Dreadful Rot  Necr/Pois/Air  0%         N/A       100%        2
 Ensorcelled Hibernation  Hex/Ice        0%         N/A       100%        2
 Poisonous Vapours        Pois/Air       0%         N/A       100%        2
 Searing Ray              Conj           0%         2d4       100%        2
 Sublimation of Blood     Necr           0%         N/A       100%        2
 Wereblood                Tmut           0%         N/A       100%        2
 Call Canine Familiar     Summ           0%         N/A       100%        3
 Confusing Touch          Hex            0%         N/A       100%        3
 Frozen Ramparts          Ice            0%         1d1       100%        3
 Gell's Gravitas          Tloc           0%         N/A       100%        3
 Ignite Poison            Fire/Tmut/Pois 0%         N/A       100%        3
 Inner Flame              Hex/Fire       0%         N/A       100%        3
 Mephitic Cloud           Conj/Pois/Air  0%         N/A       100%        3
 Ozocubu's Armour         Ice            0%         N/A       100%        3
 Portal Projectile        Hex/Tloc       0%         N/A       100%        3
 Spider Form              Tmut/Pois      0%         N/A       100%        3
 Stone Arrow              Conj/Erth      0%         3d7       100%        3
 Summon Guardian Golem    Hex/Summ       0%         N/A       100%        3
 Swiftness                Air            0%         N/A       100%        3
 Vampiric Draining        Necr           0%         2d6       100%        3
 Airstrike                Air            0%         2d(0-16)  100%        4
 Anguish                  Hex/Necr       0%         N/A       100%        4
 Animate Armour           Summ/Erth      0%         N/A       100%        4
 Cause Fear               Hex            0%         N/A       100%        4
 Dispel Undead            Necr           0%         3d6       100%        4
 Flame Wave               Conj/Fire      0%         2d4       100%        4
 Fulminant Prism          Conj/Hex       0%         3d5       100%        4
 Ice Form                 Ice/Tmut       0%         N/A       100%        4
 Leda's Liquefaction      Hex/Erth       0%         N/A       100%        4
 Manifold Assault         Tloc           0%         N/A       100%        4
 Olgreb's Toxic Radiance  Pois           0%         N/A       100%        4
 Petrify                  Tmut/Erth      0%         N/A       100%        4
 Sticky Flame             Conj/Fire      0%         2d3       100%        4
 Summon Ice Beast         Ice/Summ       0%         N/A       100%        4
 Summon Lightning Spire   Summ/Air       0%         N/A       100%        4
 Agony                    Necr           0%         N/A       100%        5
 Alistair's Intoxication  Tmut/Pois      0%         N/A       100%        5
 Borgnjor's Vile Clutch   Necr/Erth      0%         N/A       100%        5
 Freezing Cloud           Conj/Ice/Air   0%         6-21      100%        5
 Irradiate                Conj/Tmut      0%         3d11      100%        5
 Iskenderun's Battlesphe  Conj           0%         2d6       100%        5
 Silence                  Hex/Air        0%         N/A       100%        5
 Summon Forest            Summ/Tloc      0%         N/A       100%        5
 Summon Mana Viper        Hex/Summ       0%         N/A       100%        5
 Yara's Violent Unravell  Hex/Tmut       0%         3d3       100%        5
 Conjure Ball Lightning   Conj/Air       0%         3x3d6     100%        6
 Eringya's Noxious Bog    Tmut/Pois      0%         N/A       100%        6
 Iron Shot                Conj/Erth      0%         9d1       100%        6
 Dragon Form              Tmut           0%         N/A       100%        7
 Enfeeble                 Hex            0%         N/A       100%        7
 Haunt                    Necr/Summ      0%         N/A       100%        7
 Malign Gateway           Summ/Tloc      0%         N/A       100%        7
 Monstrous Menagerie      Summ           0%         N/A       100%        7
 Ozocubu's Refrigeration  Ice            0%         4d7       100%        7
 Spellforged Servitor     Conj/Summ      0%         N/A       100%        7
 Summon Hydra             Summ           0%         N/A       100%        7
 Borgnjor's Revivificati  Necr           0%         N/A       100%        8
 Discord                  Hex            0%         N/A       100%        8
 Disjunction              Tloc           0%         N/A       100%        8
 Ignition                 Fire           0%         3d3       100%        8
 Necromutation            Tmut/Necr      0%         N/A       100%        8
 Summon Horrible Things   Summ           0%         N/A       100%        8
 Death's Door             Necr           0%         N/A       100%        9
 Dragon's Call            Summ           0%         N/A       100%        9
 Polar Vortex             Ice            0%         N/A       100%        9
 Death Channel            Necr           Unusable   N/A       N/A         6
 Simulacrum               Ice/Necr       Unusable   N/A       N/A         6

Dungeon Overview and Level Annotations

Branches:
Dungeon (15/15)            Temple (1/1) D:4            Lair (5/5) D:10
  Swamp (4/4) Lair:3        Snake (4/4) Lair:2        Slime (5/5) Lair:5
    Orc (2/2) D:12            Elf (2/3) Orc:2        Vaults (5/5) D:14
  Crypt (0/3) Vaults:2     Depths (4/4) D:15           Hell (visited)
    Zot (0/5) Depths:4      Sewer (visited)         Volcano (visited)
 WizLab (visited)
    Dis: Hell:1         Geh: Hell:1         Coc: Hell:1         Tar: Hell:1

Altars:
Ashenzari
Cheibriados
Dithmenos
Elyvilon
Fedhas
Gozag
Hepliaklqana
Kikubaaqudgha
Makhleb
Nemelex Xobeh
Okawaru
Qazlal
Ru
Sif Muna
Trog
Uskayaw
Vehumet
Wu Jian
Xom
Yredelemnul
Zin
The Shining One

Shops:
D:3 [   D:12 !?   D:14 (   Orc:2 =([*(   Snake:1 **(![   Snake:4 =?
Vaults:1 (   Vaults:3 *[!   Depths:3 *   Depths:4 :=:

Portals:
Hell: Lair:5 Depths:1 Depths:2 Depths:3 Depths:4
Abyss: D:6 Depths:3
Pandemonium: Depths:2 Depths:3
Ziggurat: Depths:2
Trove: D:13 (give 2 scrolls of acquirement)

Annotations:
Hell Got alarm trapped!, Geryon
Pan Ignacio


Innate Abilities, Weirdness & Mutations

((You are very nimble when in or above water. (Stealth+, EV+, Speed+++)))
Your lower body shifts to a powerful aquatic tail in water.
You are clumsy. (Dex -2)
Your magical capacity is low. (-10% MP)
You are very weak. (Str -4)


Message History

* * * LOW HITPOINT WARNING * * *
Ignacio hits you but does no damage.
You writhe in agony.
* * * LOW HITPOINT WARNING * * *
Ignacio hits you but does no damage.
You writhe in agony.
* * * LOW HITPOINT WARNING * * *
You impale Ignacio!!
Ignacio is severely wounded.
Ignacio says, "I enjoy death.
I like the smell.
I like the greasy feel of cooling blood."
Ignacio hits you with a +4 executioner's axe of pain!!
* * * LOW HITPOINT WARNING * * *
You writhe in agony.
* * * LOW HITPOINT WARNING * * *
You block Ignacio's attack. x2; Ignacio barely misses you.
Ignacio misses you. You block Ignacio's attack.
Ignacio hits you but does no damage.
You writhe in agony.
* * * LOW HITPOINT WARNING * * *
Ignacio hits you but does no damage.
Unknown command.
You barely miss Ignacio.
Ignacio is severely wounded.
Ignacio barely misses you. You block Ignacio's attack.
Ignacio hits you but does no damage. x2; You writhe in agony.
* * * LOW HITPOINT WARNING * * *
Unknown command.
Unknown command.
Unknown command.
You swap places.
Ignacio hits your spectral rust devil with a +4 executioner's axe of pain!! x3
Your spectral rust devil is destroyed!
Ignacio hits you but does no damage.
Ignacio hits you with a +4 executioner's axe of pain.
* * * LOW HITPOINT WARNING * * *
You writhe in agony.
* * * LOW HITPOINT WARNING * * *
You block Ignacio's attack.
Ignacio hits you with a +4 executioner's axe of pain.
* * * LOW HITPOINT WARNING * * *
You writhe in agony.
You die...
Your body rises from the dead as a mindless zombie.

## ... .?.. #######
..... #.....# #
......#####.....##.#
......11@Z.........
......#####.....##
###########.....# .#
#....ZZ....# .#
#.....Z##### .# ###
#....Z.# .# ...
#......# #.# ..
#......######.#
#.............#


You could see Ignacio (fast, possessable, ally target), an Ice Fiend and a
friendly demonspawn warmonger zombie.

Vanquished Creatures
  the Royal Jelly (Slime:5)
  A pandemonium lord (Pan)
  5 dread liches
  An ancient lich (Vaults:3)
  3 juggernauts
  Sojobo (Vaults:5)
  Boris (twice) (Depths:3 Depths:4)
  The ghost of DizzySkin the Executioner, a veteran MiBe of Trog (Vaults:3)
  The ghost of wjh11 the Executioner, a veteran MiBe of Trog (Vaults:3)
  3 caustic shrikes (Depths:3)
  3 golden dragons
  A Tzitzimitl (Pan)
  A bone dragon (Abyss:5)
  A Brimstone Fiend (Pan)
  An Ice Fiend (Pan)
  Rupert (Lair:3)
  7 tentacled monstrosities
  2 walking divine tomes
  A lich (Depths:1)
  A quicksilver dragon (Depths:4)
  A titan (Vaults:5)
  10 acid blobs
  7 tentacled starspawn
  3 Executioners
  An ancient champion (WizLab)
  4 sphinxes
  2 thorn hunters (Swamp:4)
  Gastronok (Lair:3)
  Kirke (Snake:3)
  Donald (Swamp:1)
  5 shadow dragons
  11 tengu reavers
  4 revenants (WizLab)
  2 fenstrider witches
  3 storm dragons (Depths:4)
  7 rockslimes
  6 draconian monks
  The ghost of Laveh the Severer, a journeyman MiFi of Okawaru (Depths:2)
  6 fire giants
  2 deep elf sorcerers
  5 nagarajas (Snake:4)
  9 frost giants
  4 balrugs (Pan)
  19 vault wardens
  A spectral juggernaut (Depths:2)
  A demonspawn warmonger (Pan)
  Louise (Swamp:3)
  4 ghost moths (Pan)
  4 iron dragons
  6 azure jellies
  A curse skull (Depths:3)
  2 war gargoyles
  A draconian shifter (Depths:4)
  8 quicksilver oozes
  A reaper (Swamp:4)
  A spriggan defender (Depths:2)
  10 ironbound preservers
  A draconian scorcher (Abyss:2)
  7 ironbound thunderhulks
  A draconian annihilator (Depths:4)
  A ghoul (Swamp:4)
  2 green draconians (Depths:4)
  2 starflowers (Abyss:4)
  A caustic shrike skeleton (Depths:1)
  12 stone giants
  2 spectral titans (WizLab)
  3 vampire knights
  22 very ugly things
  5 black draconians (Depths:4)
  8 purple draconians (Depths:4)
  4 red draconians (Depths:4)
  4 lorocyprocas (Pan)
  4 white draconians (Depths:4)
  The ghost of mrw3rdna the Bewitcher, a journeyman SpEn of Wu Jian (Swamp:1)
  5 halazid warlocks (WizLab)
  3 demonspawn black suns (Pan)
  8 dire elephants
  7 spark wasps
  A mummy priest (Depths:1)
  An eidolon (WizLab)
  10 ettins
  10 starcursed masses (Abyss:4)
  3 green deaths
  A blizzard demon (Pan)
  3 jiangshi (Depths:1)
  4 deep elf death magi
  5 deep elf high priests (Vaults:5)
  A spectral quicksilver dragon (WizLab)
  An acid blob zombie (Slime:5)
  6 yaktaur captains
  2 quicksilver dragon zombies (WizLab)
  5 shambling mangroves
  8 great orbs of eyes
  2 salamander tyrants (Snake:4)
  34 vault guards
  6 fire dragons
  A hell beast (Pan)
  2 rakshasas
  An ogre mage (Swamp:4)
  7 ice dragons
  A peacekeeper (Vaults:4)
  8 hydras
  4 spriggan air magi
  2 ghost crabs
  8 ironbound frosthearts
  8 centaur warriors
  5 anacondas
  6 naga warriors
  3 dancing weapons (Elf:1)
  5 deep troll shamans
  8 boulder beetles
  A two-headed ogre (shapeshifter) (Depths:3)
  4 deep troll earth magi
  4 alligators
  6 tengu warriors
  2 two-headed ogres (D:10)
  A death yak (Lair:5)
  4 spriggan berserkers
  2 vampire magi
  6 orc high priests
  2 hell hogs
  5 thrashing horrors
  3 naga sharpshooters
  15 hell knights
  5 shock serpents
  21 sun demons
  5 deep elf knights
  A skyshark (shapeshifter) (D:15)
  3 salamander mystics
  10 soul eaters
  8 wretched stars
  A fire crab (Abyss:5)
  7 sixfirhies
  8 skeletal warriors
  A spatial maelstrom (Abyss:4)
  Sonja (Orc:2)
  4 death drakes
  3 iron trolls
  3 spectral spark wasps (WizLab)
  A shadow wraith (WizLab)
  3 spriggan druids
  7 glowing orange brains
  5 shadow demons
  3 spriggan riders (Swamp:1)
  4 naga ritualists
  29 deep trolls
  9 wizards
  2 skysharks
  7 flayed ghosts
  4 bog bodies
  3 phantasmal warriors
  An ugly thing zombie (D:15)
  11 necromancers
  4 lindwurms
  3 harpies (Vaults:3)
  17 ironbound convokers
  2 deep elf archers (Elf:1)
  An orc knight (Orc:1)
  9 deep elf pyromancers
  An oklob plant (Swamp:1)
  33 ugly things
  5 mana vipers
  10 deep elf zephyrmancers
  22 large abominations
  A human zombie (Vaults:2)
  4 cyclopes
  A fire giant zombie (Depths:1)
  5 orc sorcerers
  3 manticores
  A salamander (shapeshifter) (Vaults:5)
  9 salamanders
  2 shining eyes
  A tengu skeleton (Depths:1)
  A spectral spriggan (WizLab)
  A worldbinder (Abyss:5)
  A spectral blizzard demon (Pan)
  Maurice (D:12)
  4 naga magi
  4 rust devils
  24 elephants
  14 vault sentinels
  3 apocalypse crabs
  A guardian serpent (Snake:2)
  4 molten gargoyles
  19 black mambas
  2 demonic crawlers (Pan)
  4 smoke demons
  11 cane toads
  An unseen horror (shapeshifter) (D:14)
  4 orange demons
  24 yaktaurs
  2 hellions (Pan)
  10 rime drakes
  4 komodo dragons
  5 tengu conjurers
  2 kobold demonologists (Depths:1)
  3 freezing wraiths
  2 unseen horrors
  2 tormentors (Pan)
  8 ice devils
  6 efreet
  3 red devils
  2 trolls
  The ghost of Esekla the Thaumaturge, a novice DEWn of Vehumet (D:6)
  A bloated husk (Swamp:4)
  A burning bush (Lair:2)
  3 meliai (D:15)
  A harpy zombie (WizLab)
  3 polar bears
  12 hornets
  5 tyrant leeches
  An ettin zombie (Vaults:2)
  2 snapping turtles (shapeshifter)
  14 blink frogs
  4 hellwings
  4 raiju (Abyss:3)
  A human simulacrum (Vaults:2)
  6 dream sheep
  A spectral red devil (Snake:4)
  A guardian serpent zombie (Snake:4)
  11 flying skulls
  An air elemental (Elf:1)
  A centaur simulacrum (D:14)
  46 slime creatures
  A black mamba zombie (Snake:4)
  A water elemental (Elf:1)
  A shadow (D:11)
  A culicivora (shapeshifter) (D:15)
  6 ynoxinuls
  2 spriggans
  A slime creature (shapeshifter) (Elf:1)
  6 basilisks
  3 slime creature zombies (Slime:5)
  6 wraiths
  4 hogs (Snake:3)
  5 wyverns
  36 yaks
  5 fire elementals
  14 golden eyes
  A steam dragon (D:8)
  8 chaos spawn
  A redback (Vaults:2)
  A basilisk (shapeshifter) (Vaults:5)
  6 neqoxecs
  11 vampire mosquitoes
  2 acid dragons
  An elf skeleton (Vaults:1)
  34 nagas
  10 swamp worms
  2 wargs (Orc:1)
  12 water moccasins
  4 spatial vortices (Abyss:4)
  A naga zombie (Snake:4)
  4 small abominations
  Duvessa (D:5)
  2 hell hounds (Lair:5)
  3 ice beasts
  2 black bears
  An ettin simulacrum (Vaults:1)
  18 orc warriors
  A sky beast (D:7)
  9 ogres
  7 boggarts
  9 centaurs
  2 wolves (Lair:2)
  6 kobold brigands
  7 bullfrogs
  3 elf zombies (Elf:1)
  3 gnoll sergeants
  4 earth elementals
  2 scorpions (D:12)
  9 wights
  5 yak zombies (Lair:3)
  8 killer bees
  5 howler monkeys
  3 hounds
  27 orc priests
  A jelly (D:7)
  3 sleepcaps
  2 gnoll boudas
  6 iguanas
  28 orc wizards
  A boggart zombie (D:15)
  A hell rat (Lair:5)
  Robin (D:2)
  27 gnolls
  7 adders
  7 river rats (Sewer)
  3 shadow imps (D:5)
  5 ufetubi
  4 worms (Sewer)
  2 dart slugs
  63 orcs
  6 ball pythons
  8 endoplasms
  3 giant cockroaches
  12 goblins
  4 hobgoblins
  15 jackals
  9 kobolds
  4 quokkas
  12 bats
  4 frilled lizards
  7 rats
  3 fire vortices (Volcano)
  2 starspawn tentacles
  4 tentacles (Abyss:5)
1701 creatures vanquished.

Vanquished Creatures (collateral kills)
  An ancient lich (Vaults:3)
  Saint Roka (Vaults:1)
  A golden dragon (Vaults:5)
  A Tzitzimitl (Pan)
  2 tentacled monstrosities
  3 Ice Fiends (Pan)
  A walking earthen tome (Depths:2)
  2 titans (Vaults:5)
  A walking divine tome (Depths:3)
  A quicksilver dragon (Vaults:1)
  5 acid blobs
  2 sphinxes
  The ghost of KittyFluff the Tortoise, an adept GrBe of Trog (Swamp:1)
  The ghost of Azazsd the Brawler, a journeyman TrMo of Jiyva (Swamp:1)
  2 tengu reavers
  3 azure jellies
  A fenstrider witch (Swamp:4)
  2 rockslimes
  A demonspawn warmonger (Pan)
  A fire giant (Depths:4)
  2 ghost moths (Pan)
  2 balrugs
  10 vault wardens
  4 ironbound preservers
  7 stone giants
  A demonspawn blood saint (Pan)
  A green draconian (Depths:4)
  4 very ugly things
  A cacodemon (Pan)
  A demonspawn corrupter (Pan)
  3 ironbound thunderhulks
  A lorocyproca (Pan)
  A black draconian (Depths:4)
  3 demonspawn black suns (Pan)
  An eleionoma (Swamp:3)
  A spectral minotaur (Vaults:1)
  6 dire elephants
  2 spark wasps (Depths:3)
  A bunyip (Swamp:2)
  2 red draconians (Depths:4)
  3 white draconians (Depths:4)
  A blizzard demon (Pan)
  3 green deaths (Pan)
  2 purple draconians (Depths:4)
  A deep elf death mage (Elf:1)
  2 fire dragons
  A shambling mangrove (Swamp:4)
  An ettin (Depths:2)
  Josephine (D:13)
  A deep elf high priest (Vaults:1)
  7 hydras
  An ice dragon (Depths:2)
  2 great orbs of eyes
  A catoblepas (Lair:2)
  2 spriggan air magi (Depths:3)
  2 yaktaur captains (Vaults:1)
  9 vault guards
  2 boulder beetles
  5 ironbound frosthearts
  2 ogre magi
  10 centaur warriors
  2 anacondas
  A deep troll shaman (Depths:2)
  An alligator (Swamp:4)
  2 tengu warriors
  A spectral human (Lair:3)
  A hell hog (Depths:3)
  3 deep troll earth magi (Depths:2)
  6 naga warriors
  4 soul eaters (Pan)
  A shock serpent (Snake:3)
  A thrashing horror (Abyss:3)
  A hell knight (Depths:3)
  2 naga sharpshooters
  A salamander mystic (Snake:1)
  11 sun demons
  5 skeletal warriors
  A sixfirhy (Pan)
  Amaemon (Lair:1)
  Lodul (D:14)
  3 spriggan druids
  18 deep trolls
  3 goliath frogs
  2 shadow demons (Pan)
  A swamp dragon (shapeshifter) (Depths:2)
  2 glowing orange brains
  3 swamp dragons (Swamp:3)
  A spriggan rider (Swamp:1)
  3 naga ritualists
  A deep elf archer (Elf:1)
  3 wizards
  A phantasmal warrior (Vaults:5)
  6 ironbound convokers
  A deep elf zephyrmancer (Elf:1)
  2 harpies (Vaults:3)
  5 mana vipers
  2 deep elf pyromancers (Elf:1)
  15 ugly things
  A shining eye (Slime:1)
  5 salamanders
  2 cyclopes (D:14)
  8 elephants (Lair:5)
  4 rust devils
  A guardian serpent (Snake:4)
  13 black mambas
  3 vault sentinels (Vaults:1)
  2 orange demons
  2 cane toads (Lair:5)
  A smoke demon (Pan)
  A torpor snail (Lair:5)
  2 demonic crawlers (Pan)
  6 naga magi
  An eye of devastation (Slime:5)
  A hellion (Depths:2)
  9 yaktaurs
  Maggie (Lair:1)
  A rime drake (Lair:5)
  A komodo dragon (D:13)
  A tormentor (Pan)
  2 ice devils
  2 tengu conjurers (Depths:4)
  A mana viper zombie (Snake:4)
  A red devil (Pan)
  A yaktaur skeleton (Vaults:1)
  2 hellwings (Pan)
  A troll (D:10)
  A tyrant leech (Swamp:2)
  7 hornets
  A blink frog (Lair:5)
  3 dream sheep (Lair:5)
  A spriggan (Swamp:4)
  29 slime creatures
  A jumping spider (Vaults:2)
  2 ynoxinuls (Pan)
  A wraith (D:10)
  A wyvern (Lair:5)
  A golden eye (shapeshifter) (D:13)
  16 yaks
  A hog (Snake:3)
  8 golden eyes
  4 chaos spawn (Pan)
  3 vampire mosquitoes
  A neqoxec (Pan)
  19 nagas
  A redback (Vaults:2)
  An acid dragon (D:11)
  5 swamp worms
  A warg (Vaults:1)
  6 large abominations (Pan)
  A hell hound (Lair:5)
  2 water moccasins
  4 orc warriors
  3 ogres (D:14)
  A boggart (shapeshifter) (Vaults:5)
  8 wolves
  5 centaurs
  A human zombie (Vaults:2)
  A bullfrog (Lair:4)
  4 wights
  2 killer bees (D:10)
  2 howler monkeys
  A quasit (D:6)
  A jelly (D:7)
  A hound (D:6)
  7 orc priests
  5 orc wizards
  2 gnolls
  3 adders
  A river rat (Sewer)
  An ufetubus (Pan)
  17 orcs
  2 ball pythons (Sewer)
  A bat (Sewer)
  A kobold (D:9)
531 creatures vanquished.

Vanquished Creatures (others)
  A kraken (Abyss:5)
  A spectral caustic shrike (Depths:2)
  A spectral rockslime (Slime:2)
  A caustic shrike zombie (Depths:3)
  A spectral fenstrider witch (D:14)
  A juggernaut zombie (Depths:3)
  A spectral sphinx (Vaults:5)
  A spectral quicksilver dragon (Depths:4)
  3 spectral tentacled monstrosities
  A rockslime zombie (Slime:1)
  A spectral frost giant (Vaults:4)
  2 acid blob zombies
  8 very ugly thing zombies
  A spectral Brimstone Fiend (Pan)
  A spectral Ice Fiend (Pan)
  A quicksilver dragon zombie (Depths:4)
  A fire dragon (Depths:4)
  A vault guard (Vaults:3)
  A spectral ghost moth (Pan)
  An azure jelly zombie (Slime:1)
  A spectral goliath frog (Swamp:4)
  A spectral ettin (Depths:3)
  2 spectral balrugs (Pan)
  2 quicksilver ooze zombies
  4 spectral sixfirhies
  3 titan zombies (Vaults:5)
  4 spark wasp zombies (Depths:3)
  2 spectral spriggans
  2 golden dragon zombies
  A ghost moth zombie (Pan)
  2 spectral green deaths (Pan)
  4 deep trolls (Vaults:3)
  3 anaconda zombies
  10 ugly thing zombies
  An ironbound convoker (Vaults:3)
  2 shadow dragon zombies
  A goliath frog zombie (Swamp:4)
  4 wizards
  2 ugly things
  2 frost giant zombies
  3 sphinx zombies
  3 stone giant zombies
  A shock serpent zombie (Snake:4)
  A demonspawn zombie (Pan)
  5 dire elephant zombies
  A spectral soul eater (Pan)
  A black mamba (Snake:4)
  7 spectral sun demons (Pan)
  A black draconian zombie (Depths:4)
  A swamp worm zombie (Swamp:4)
  A spectral dream sheep (Lair:5)
  2 spectral shadow demons
  3 purple draconian zombies (Depths:4)
  2 redback zombies (Vaults:2)
  2 white draconian zombies (Depths:4)
  An iron troll zombie (Depths:3)
  2 unseen horror zombies
  A mana viper zombie (Snake:4)
  3 death drake zombies (Depths:4)
  4 harpy zombies (Vaults:3)
  2 hydra zombies
  A hornet (Depths:1)
  A fire dragon zombie (Depths:1)
  3 ice dragon zombies
  A great orb of eyes zombie (Depths:3)
  2 boulder beetle zombies
  A spectral entropy weaver (Vaults:3)
  2 ettin zombies
  2 meliai zombies (D:15)
  9 black mamba zombies
  A spectral hell beast (Pan)
  5 slime creature zombies
  3 spectral ice devils
  7 spriggan zombies
  2 spectral orange demons
  3 spectral rust devils
  A chaos spawn (Pan)
  21 deep troll zombies
  A skyshark zombie (D:15)
  3 spectral tormentors (Pan)
  49 human zombies
  18 naga zombies
  4 cane toad zombies (Lair:5)
  A spectral red devil (Pan)
  2 spectral efreet
  4 spectral hellwings (Pan)
  8 elf zombies
  6 hornet zombies
  3 spectral smoke demons (Pan)
  2 blink frog zombies
  11 elephant zombies
  An ogre (Orc:1)
  A lindwurm zombie (Volcano)
  A torpor snail zombie (Lair:5)
  A small abomination (Abyss:4)
  2 hog zombies (Snake:3)
  2 rime drake zombies (Lair:5)
  2 spectral ynoxinuls
  3 spectral neqoxecs
  A komodo dragon zombie (D:12)
  2 spectral chaos spawn
  11 yaktaur zombies
  An apocalypse crab zombie (Abyss:5)
  A hell hound zombie (Lair:5)
  2 water moccasin zombies (Lair:5)
  13 yak zombies
  A spectral naga (Snake:4)
  13 tengu zombies
  A troll zombie (Orc:2)
  6 wolf zombies
  A bullfrog zombie (D:8)
  2 basilisk zombies
  8 centaur zombies
  A boggart zombie (Depths:1)
  2 killer bee zombies (D:10)
  An acid dragon zombie (D:10)
  6 ogre zombies
  A hound zombie (D:7)
  A hell rat zombie (Lair:5)
  4 howler monkey zombies
  A steam dragon zombie (D:8)
  An adder zombie (D:6)
  2 orcs (Orc:1)
  3 bat zombies (Sewer)
  2 ball python zombies (Sewer)
  An endoplasm zombie (Sewer)
  5 gnoll zombies
  A jackal zombie (Sewer)
  5 kobold zombies
  45 orc zombies
  4 spectral ufetubi
  2 fire vortices (Volcano)
  14 starspawn tentacles
  4 tentacles (Abyss:5)
489 creatures vanquished.

Grand Total: 2721 creatures vanquished

Notes
Turn   | Place    | Note
-------+----------+-------------------------------------------
     0 | D:1      | Nonny the Merfolk Gladiator began the quest for the Orb.
     0 | D:1      | Reached XP level 1. HP: 16/16 MP: 1/1
    78 | D:1      | Starting vault: beach of abandoned shops.
   168 | D:1      | Reached XP level 2. HP: 19/22 MP: 2/2
   358 | D:1      | Reached XP level 3. HP: 25/28 MP: 3/3
   408 | D:1      | Reached skill level 5 in Polearms
   586 | D:2      | Noticed Robin
   941 | D:2      | Reached XP level 4. HP: 34/34 MP: 4/4
   942 | D:2      | Found an opulent altar of Gozag.
  1173 | D:2      | Killed Robin
  1189 | D:2      | +2 helmet on Robin
  1561 | D:3      | Found a hazy altar of Hepliaklqana.
  1624 | D:3      | Found Usuit's Antique Armour Shoppe.
  2013 | D:3      | Found an opulent altar of Gozag.
  2431 | D:4      | Noticed an ogre
  2432 | D:4      | Noticed a bullfrog
  2444 | D:4      | Killed a bullfrog
  2445 | D:4      | Reached skill level 3 in Fighting
  2445 | D:4      | Reached skill level 5 in Dodging
  2445 | D:4      | Reached XP level 5. HP: 39/41 MP: 5/5
  2460 | D:4      | Killed an ogre
  2461 | D:4      | Reached XP level 6. HP: 47/47 MP: 6/6
  2468 | D:4      | Noticed an orc warrior
  2476 | D:4      | Gained mutation: You are covered in fur. (AC +1) [potion of
                  | mutation]
  2488 | D:4      | Killed an orc warrior
  2658 | D:4      | Found a staircase to the Ecumenical Temple.
  2676 | Temple   | Entered the Ecumenical Temple
  2841 | Temple   | Temple: whatever you call this interesting square pattern.
  2864 | Temple   | Became a worshipper of Yredelemnul the Dark
  2989 | D:4      | +2 cloak of stealth in western D:4.
  3086 | D:4      | Identified the +0 pair of boots "Raiq" {rElec Int+2 Dex-3}
  3087 | D:4      | Raiq randart in central D:4
  3113 | D:4      | Reached XP level 7. HP: 53/53 MP: 7/7
  3204 | D:4      | Reached * piety under Yredelemnul
  3255 | D:4      | Identified the +9 chain mail of Lilacs {-Cast rC+ rN+}
  3256 | D:4      | It's in northern D:4.
  3464 | D:4      | Reached skill level 4 in Fighting
  3618 | D:5      | Entered Level 5 of the Dungeon
  3631 | D:5      | Found a transporter.
  3790 | D:5      | Found a transporter.
  3793 | D:5      | Found a glowing drain.
  3811 | D:5      | Reached skill level 1 in Armour
  3821 | Sewer    | Entered a sewer
  4175 | Sewer    | Reached ** piety under Yredelemnul
  4232 | Sewer    | Reached XP level 8. HP: 61/61 MP: 1/8
  4233 | Sewer    | Reached *** piety under Yredelemnul
  4560 | D:5      | Reached skill level 10 in Polearms
  4640 | D:5      | Reached skill level 5 in Fighting
  4829 | D:5      | Noticed Dowan
  4831 | D:5      | Noticed Duvessa
  4850 | D:5      | Killed Duvessa
  4858 | D:5      | Dowan changed into Dowan the rat
  4858 | D:5      | Noticed Dowan
  4862 | D:5      | Killed Dowan the rat
  5111 | D:6      | Reached skill level 1 in Invocations
  5304 | D:6      | Found a transporter.
  5310 | D:6      | Found a one-way gate to the infinite horrors of the Abyss.
  5310 | D:6      | Noticed Esekla's ghost (novice DEWn)
  5441 | D:6      | Found a transporter.
  5546 | D:6      | Reached XP level 9. HP: 69/69 MP: 10/10
  5561 | D:6      | Reached skill level 6 in Fighting
  5959 | D:6      | Killed Esekla's ghost
  6506 | D:7      | Reached skill level 7 in Fighting
  6856 | D:8      | Noticed a hornet
  6860 | D:8      | Noticed a hornet
  6867 | D:8      | Killed a hornet
  6868 | D:8      | Reached XP level 10. HP: 79/79 MP: 10/12
  7105 | D:8      | 6 stones behind that alarm trap in that one vault
  7156 | D:8      | Reached skill level 8 in Fighting
  7386 | D:8      | Identified the +8 rapier of Quantum Leap {heavy, Fly Int+2
                  | Dex+2}
  7612 | D:8      | Found a bloodstained altar of Trog.
  7615 | D:8      | Noticed a wizard
  7620 | D:8      | Killed a wizard
  7715 | D:9      | Reached skill level 5 in Armour
  7826 | D:9      | Found a glowing silver altar of Zin.
  7999 | D:9      | Reached **** piety under Yredelemnul
  8054 | D:9      | Reached skill level 9 in Fighting
  8416 | D:9      | Identified the +10 glaive of the Fresh God {heavy, +Blink
                  | rC+ Stlth+}
  8429 | D:9      | Reached skill level 5 in Invocations
  8526 | D:9      | Found a hide-covered altar of Uskayaw.
  8682 | D:9      | Found a radiant altar of Vehumet.
  8799 | D:10     | Entered Level 10 of the Dungeon
  8808 | D:10     | Reached XP level 11. HP: 84/86 MP: 14/14
  8888 | D:10     | Noticed a deep elf pyromancer
  8894 | D:10     | Noticed a manticore
  8897 | D:10     | Noticed a two-headed ogre
  8983 | D:10     | Killed a manticore
  8984 | D:10     | Killed a deep elf pyromancer
  8985 | D:10     | Killed a two-headed ogre
  8986 | D:10     | Reached skill level 10 in Fighting
  9009 | D:10     | Staff of earth
  9075 | D:10     | Found a staircase to the Lair.
  9196 | D:10     | Noticed a two-headed ogre
  9201 | D:10     | Killed a two-headed ogre
  9330 | D:10     | Reached ***** piety under Yredelemnul
  9628 | D:11     | Noticed a red ugly thing
  9639 | D:11     | Noticed a cyclops
  9645 | D:11     | Killed a red ugly thing
  9653 | D:11     | Killed a cyclops
  9745 | D:11     | Noticed a boulder beetle
  9754 | D:11     | Killed a boulder beetle
  9870 | D:11     | Found a white marble altar of Elyvilon.
  9895 | D:11     | Reached skill level 15 in Polearms
  9991 | D:11     | Noticed a boulder beetle
 10007 | D:11     | Killed a boulder beetle
 10008 | D:11     | Reached XP level 12. HP: 65/99 MP: 17/17
 10228 | D:11     | Reached skill level 11 in Fighting
 10531 | D:12     | Found Hoss's Magic Scroll Emporium.
 10534 | D:12     | Bought a scroll of fog for 52 gold pieces
 10534 | D:12     | Bought a scroll of fog for 52 gold pieces
 10534 | D:12     | Bought a scroll of fear for 52 gold pieces
 10534 | D:12     | Bought a scroll of magic mapping for 97 gold pieces
 10534 | D:12     | Bought a scroll of enchant weapon for 97 gold pieces
 10534 | D:12     | Bought a scroll of vulnerability for 52 gold pieces
 10648 | D:12     | Found a staircase to the Orcish Mines.
 10827 | D:12     | Noticed Urug
 10833 | D:12     | Urug changed into Urug the dream sheep
 10833 | D:12     | Noticed Urug
 10835 | D:12     | Killed Urug the dream sheep
 10835 | D:12     | Reached ****** piety under Yredelemnul
 10978 | D:12     | Noticed Maurice
 10995 | D:12     | Killed Maurice
 11000 | D:12     | Noticed a boulder beetle
 11015 | D:12     | Killed a boulder beetle
 11144 | D:12     | Found Afa Mowk's Distillery.
 11148 | D:12     | Bought 2 potions of heal wounds for 130 gold pieces
 11148 | D:12     | Bought a potion of cancellation for 104 gold pieces
 11148 | D:12     | Bought a potion of might for 52 gold pieces
 11262 | D:12     | Noticed a boulder beetle
 11281 | D:12     | Killed a boulder beetle
 11676 | D:12     | Found a bloodstained altar of Trog.
 11736 | D:12     | staff of conjuration
 11804 | Orc:1    | Entered Level 1 of the Orcish Mines
 12325 | Orc:2    | Entered Level 2 of the Orcish Mines
 12325 | Orc:2    | Found a staircase to the Elven Halls.
 12371 | Orc:2    | Found Zuddaf's Jewellery Boutique.
 12459 | Orc:2    | Noticed Sonja
 12468 | Orc:2    | Killed Sonja
 12844 | Orc:2    | Noticed an orc high priest
 12851 | Orc:2    | Noticed an orc high priest
 12998 | Orc:2    | Killed an orc high priest
 12999 | Orc:2    | Reached skill level 12 in Fighting
 12999 | Orc:2    | Reached XP level 13. HP: 80/108 MP: 19/19
 13523 | Orc:2    | Found Dediwn's Antique Weapon Shoppe.
 13523 | Orc:2    | Found Hutoz's Antique Weapon Emporium.
 13523 | Orc:2    | Found Keggiel's General Store.
 13583 | Orc:2    | Found Suetzihy's Armour Emporium.
 13723 | Orc:2    | Bought 2 scrolls of teleportation for 66 gold pieces
 14038 | Lair:1   | Entered Level 1 of the Lair of Beasts
 14085 | Lair:1   | Found a dark tunnel.
 14092 | Lair:1   | Volcano entrance in center-east area; pretty much just a
                  | walk northwards from Lair entrance.
 14094 | Volcano  | Entered a volcano
 14526 | Volcano  | Not too easy a volcano, and I already cleared the Orcish
                  | Mines.
 14667 | Orc:2    | Bought the ring "Uczotz" {rF- rC+++ Will+++ AC+4 Int-4} for
                  | 1177 gold pieces
 15035 | Lair:1   | Noticed Amaemon
 15044 | Lair:1   | Killed Amaemon
 15911 | Lair:1   | Noticed Maggie
 15917 | Lair:1   | Killed Maggie
 16077 | Lair:2   | Reached skill level 13 in Fighting
 16141 | Lair:2   | Reached skill level 10 in Invocations
 16551 | Lair:2   | Reached XP level 14. HP: 118/118 MP: 21/21
 16849 | Lair:2   | Found a staircase to the Snake Pit.
 17391 | Lair:3   | Found a staircase to the Swamp.
 17603 | Lair:3   | Noticed Rupert
 17615 | Lair:3   | Killed Rupert
 17826 | Lair:3   | Noticed Gastronok
 17840 | Lair:3   | Killed Gastronok
 18915 | Lair:5   | Entered Level 5 of the Lair of Beasts
 19034 | Lair:5   | Reached skill level 14 in Fighting
 19171 | Lair:5   | Found a runed translucent door.
 19175 | Lair:5   | Found a staircase to the Slime Pits.
 19175 | Lair:5   | Noticed an acid blob
 19186 | Lair:5   | Reached skill level 10 in Armour
 19229 | Lair:5   | Killed an acid blob
 19230 | Lair:5   | Reached XP level 15. HP: 110/126 MP: 23/23
 19461 | Lair:5   | Reached skill level 1 in Stealth
 19991 | Lair:5   | Found a burning altar of Makhleb.
 20033 | Lair:5   | Found a gateway to Hell.
 20040 | Lair:5   | Identified the amulet "Suihijul" {Spirit rF- rCorr Int+4
                  | Stlth+}
 20517 | Snake:1  | Entered Level 1 of the Snake Pit
 20559 | Snake:1  | Reached skill level 15 in Fighting
 20730 | Snake:1  | Found Botyd's Distillery.
 20738 | Snake:1  | Bought a potion of heal wounds for 70 gold pieces
 20738 | Snake:1  | Bought 2 potions of curing for 84 gold pieces
 20738 | Snake:1  | Bought a potion of curing for 42 gold pieces
 20994 | Snake:1  | Found Sealucs's General Store.
 21051 | Snake:1  | Found Onaaso's Specific Store.
 21058 | Snake:1  | Found Hagg's General Store.
 21076 | Snake:1  | Bought a scroll of fear for 68 gold pieces
 21099 | Snake:1  | Found Qokutwivy's Antique Weapon Shoppe.
 21134 | Snake:1  | Found Qaywk's Antique Armour Boutique.
 22143 | Snake:2  | triple sword
 22526 | Snake:2  | Reached XP level 16. HP: 135/136 MP: 25/25
 23329 | Snake:3  | Noticed Kirke
 23342 | Snake:3  | Killed Kirke
 23351 | Snake:3  | Reached skill level 1 in Evocations
 23411 | Snake:3  | Reached skill level 16 in Fighting
 24198 | Snake:4  | Entered Level 4 of the Snake Pit
 24374 | Snake:4  | Noticed a nagaraja
 24395 | Snake:4  | Killed a nagaraja
 24421 | Snake:4  | Noticed a nagaraja
 24437 | Snake:4  | Killed a nagaraja
 24443 | Snake:4  | Noticed a nagaraja
 24461 | Snake:4  | Killed a nagaraja
 24758 | Snake:4  | Found Pedoil's Jewellery Boutique.
 24766 | Snake:4  | Found Fufechid's Magic Scroll Boutique.
 24773 | Snake:4  | Bought a scroll of teleportation for 39 gold pieces
 24773 | Snake:4  | Bought a scroll of noise for 13 gold pieces
 24773 | Snake:4  | Bought a scroll of fog for 52 gold pieces
 24773 | Snake:4  | Bought 2 scrolls of butterflies for 104 gold pieces
 24773 | Snake:4  | Bought a scroll of enchant armour for 97 gold pieces
 25215 | Snake:4  | Noticed a nagaraja
 25233 | Snake:4  | Killed a nagaraja
 25438 | Snake:4  | Reached XP level 17. HP: 81/146 MP: 27/27
 25653 | Snake:4  | Reached skill level 17 in Fighting
 25680 | Snake:4  | Reached skill level 5 in Evocations
 25990 | Snake:4  | Got a serpentine rune of Zot
 26328 | Swamp:1  | Entered Level 1 of the Swamp
 26745 | Swamp:1  | Found a runed translucent gate.
 26745 | Swamp:1  | Found a runed translucent gate.
 26746 | Swamp:1  | Found a runed translucent gate.
 26748 | Swamp:1  | Noticed mrw3rdna's ghost (journeyman SpEn)
 26748 | Swamp:1  | Noticed KittyFluff's ghost (adept GrBe)
 26748 | Swamp:1  | Noticed Azazsd's ghost (journeyman TrMo)
 26772 | Swamp:1  | Killed KittyFluff's ghost
 26776 | Swamp:1  | Killed mrw3rdna's ghost
 26778 | Swamp:1  | Killed Azazsd's ghost
 26793 | Swamp:1  | Identified the ring "Toqew" {rC+ Str+4}
 27075 | Swamp:1  | Noticed Donald
 27089 | Swamp:1  | Killed Donald
 28317 | Swamp:3  | Noticed Louise
 28335 | Swamp:3  | Killed Louise
 28360 | Swamp:3  | Identified the +1 robe of Articulation {Will+}
 28381 | Swamp:3  | Reached skill level 18 in Fighting
 28776 | Swamp:4  | Entered Level 4 of the Swamp
 29383 | Swamp:4  | Reached XP level 18. HP: 118/158 MP: 18/28
 29895 | Swamp:4  | Got a decaying rune of Zot
 29995 | Swamp:4  | Identified a scroll of acquirement
 30123 | Swamp:4  | Acquired a manual of Armour
 30125 | Swamp:4  | acquirement scroll in southeast
 30583 | Snake:1  | Bought a scroll of acquirement for 572 gold pieces
 30583 | Snake:1  | Acquired 945 gold pieces
 30708 | Snake:4  | Bought the ring of Zilaw {rN++ rCorr EV+5} for 709 gold
                  | pieces
 30962 | D:13     | Noticed Josephine
 30973 | D:13     | Killed Josephine
 30974 | D:13     | Reached skill level 19 in Fighting
 31203 | D:13     | Found a portal to a secret trove of treasure.
 31232 | D:13     | Identified the +1 ring mail "Cobycvota" {rElec Will+ Int+3}
 31725 | D:14     | Noticed Lodul
 31733 | D:14     | Killed Lodul
 32017 | D:14     | Found Lomoulut's Antique Weapon Shop.
 32174 | D:14     | Found a gate to the Vaults.
 32584 | D:15     | Entered Level 15 of the Dungeon
 32609 | D:15     | staff of air
 33052 | D:15     | Found a staircase to the Depths.
 33293 | D:15     | Reached skill level 20 in Fighting
 33493 | Elf:1    | Entered Level 1 of the Elven Halls
 33497 | Elf:1    | Very open area for Elf Halls entrance.
 34371 | Elf:1    | Paralysed by an air elemental for 1 turns
 34640 | Elf:1    | Reached XP level 19. HP: 166/169 MP: 29/29
 34658 | Elf:1    | Reached skill level 15 in Armour
 34779 | Elf:1    | Got the Lessons on Shadows
 35375 | Abyss:2  | Found a corrupted altar of Lugonu.
 35375 | Abyss:2  | Cast into level 2 of the Abyss (+1 halberd of distortion)
 35414 | Abyss:2  | Found a corrupted altar of Lugonu.
 35463 | Abyss:2  | Found a corrupted altar of Lugonu.
 35472 | Elf:2    | Escaped the Abyss
 35473 | Elf:2    | distortion reaching weapons :)
 35730 | Vaults:1 | Entered Level 1 of the Vaults
 35742 | Vaults:1 | Reached skill level 21 in Fighting
 35972 | Vaults:1 | Noticed Asterion
 35985 | Vaults:1 | Killed Asterion
 35985 | Vaults:1 | Enslaved Asterion
 36372 | Vaults:1 | Noticed Saint Roka
 36384 | Vaults:1 | Killed Saint Roka
 37321 | Vaults:1 | Found Kaezxyuq's Weapon Emporium.
 37330 | Vaults:1 | Your ally Asterion died
 37610 | Vaults:1 | Reached skill level 22 in Fighting
 38059 | Vaults:2 | Found a staircase to the Crypt.
 38059 | Vaults:2 | Found a basalt altar of Yredelemnul.
 38059 | Vaults:2 | Found an ancient bone altar of Kikubaaqudgha.
 38712 | Vaults:2 | Reached XP level 20. HP: 136/183 MP: 24/30
 40105 | Vaults:3 | Reached skill level 23 in Fighting
 40137 | Vaults:3 | Found a runed translucent gate.
 40137 | Vaults:3 | Found a runed translucent gate.
 40137 | Vaults:3 | Noticed DizzySkin's ghost (veteran MiBe)
 40138 | Vaults:3 | Found a runed translucent gate.
 40138 | Vaults:3 | Found an ancient bone altar of Kikubaaqudgha.
 40138 | Vaults:3 | Noticed a dread lich
 40138 | Vaults:3 | Noticed wjh11's ghost (veteran MiBe)
 40138 | Vaults:3 | Noticed an ancient lich
 40139 | Vaults:3 | Noticed an ancient lich
 40140 | Vaults:3 | Found the +9 staff of Olgreb {rPois∞}
 40502 | Vaults:3 | Noticed a dread lich
 40510 | Vaults:3 | Killed a dread lich
 40599 | Vaults:3 | Reached skill level 15 in Invocations
 41159 | Vaults:3 | Killed an ancient lich
 41191 | Vaults:3 | Found Vakho's Armour Emporium.
 41274 | Vaults:3 | Killed a dread lich
 41281 | Vaults:3 | Killed an ancient lich
 41282 | Vaults:3 | Reached skill level 24 in Fighting
 41282 | Vaults:3 | Reached XP level 21. HP: 115/195 MP: 32/32
 41730 | Vaults:3 | Found Siyzour's Assorted Antiques.
 41735 | Vaults:3 | Bought a flickering copper ring for 195 gold pieces
 41735 | Vaults:3 | Identified the ring "Liumn" {Ice Fly rN+ SInv Stlth-} (You
                  | bought it in a shop on level 3 of the Vaults)
 41738 | Vaults:3 | Bought a potion of haste for 390 gold pieces
 41738 | Vaults:3 | Bought a scroll of poison for 156 gold pieces
 41877 | Vaults:3 | Found Afeomny's Distillery.
 41885 | Vaults:3 | Bought a potion of curing for 63 gold pieces
 41885 | Vaults:3 | Bought a potion of curing for 63 gold pieces
 41885 | Vaults:3 | Bought 2 potions of heal wounds for 210 gold pieces
 41885 | Vaults:3 | Bought a potion of might for 84 gold pieces
 41885 | Vaults:3 | Bought a potion of might for 84 gold pieces
 41885 | Vaults:3 | Bought a potion of berserk rage for 105 gold pieces
 41885 | Vaults:3 | Bought a potion of mutation for 168 gold pieces
 42026 | Vaults:3 | Killed wjh11's ghost
 42036 | Vaults:3 | Killed DizzySkin's ghost
 42041 | Vaults:3 | Identified the +0 pair of gloves "Fuom" {+Blink Will- SInv}
 42056 | Vaults:3 | Identified the ring "Woumaa Fesa" {Fire rPois}
 42511 | Vaults:4 | Reached skill level 10 in Dodging
 43762 | Vaults:4 | Reached skill level 25 in Fighting
 44020 | Depths:1 | Entered Level 1 of the Depths
 45192 | Depths:1 | Identified the +12 great sword of the Lurker {flame, Dex+2
                  | SInv}
 45281 | Depths:1 | Reached XP level 22. HP: 176/206 MP: 34/34
 45563 | Depths:1 | Found a shimmering blue altar of Sif Muna.
 45610 | Depths:1 | Identified the amulet "Mupusch" {RegenMP Contam rElec
                  | Slay+5}
 46245 | Depths:1 | Got the Anthology of Sidekicks
 46254 | Depths:1 | Got Direff's Writings on Bringing Forth
 46337 | Depths:2 | Learned a level 2 spell: Passwall
 46404 | Depths:2 | Found a magical portal.
 46406 | Depths:2 | It's in the northeast in a looping vault with Zot-like
                  | walls.
 46407 | WizLab   | Entered Borgnjor's Mausoleum
 47288 | WizLab   | Got the Codex of the Dead
 47513 | Depths:2 | Found a one-way gate leading to the halls of Pandemonium.
 47946 | Depths:2 | Found a large runed translucent door.
 47947 | Depths:2 | Found a large runed translucent door.
 47949 | Depths:2 | Noticed Laveh's ghost (journeyman MiFi)
 47991 | Depths:2 | Killed Laveh's ghost
 47999 | Depths:2 | Got the Directory of Frozen Fog
 48147 | Depths:2 | Found a one-way gateway to a ziggurat.
 48380 | Depths:2 | Noticed a caustic shrike
 48388 | Depths:2 | Killed a caustic shrike
 48388 | Depths:2 | Enslaved a caustic shrike
 48408 | Depths:2 | Noticed a juggernaut
 48432 | Depths:2 | Killed a juggernaut
 49065 | Hell     | Entered the Vestibule of Hell
 49065 | Hell     | Noticed Geryon
 49646 | Snake:1  | Bought a phial of floods for 440 gold pieces
 49793 | Slime:1  | Entered Level 1 of the Pits of Slime
 50096 | Slime:1  | Reached XP level 23. HP: 177/213 MP: 36/36
 50926 | Slime:3  | Gained mutation: You are clumsy. (Dex -2) [a shining eye]
 50929 | Slime:3  | Gained mutation: You are frail. (-10% HP) [a shining eye]
 50930 | Slime:3  | Lost mutation: You are covered in fur. (AC +1) [potion of
                  | mutation]
 50930 | Slime:3  | Lost mutation: You are clumsy. (Dex -2) [potion of
                  | mutation]
 50930 | Slime:3  | Lost mutation: You are frail. (-10% HP) [potion of
                  | mutation]
 50930 | Slime:3  | Gained mutation: You do not regenerate when monsters are
                  | visible. [potion of mutation]
 50930 | Slime:3  | Gained mutation: You have a pair of small antennae on your
                  | head. [potion of mutation]
 50930 | Slime:3  | Gained mutation: Your movements are slightly less
                  | encumbered by armour. (ER -2) [potion of mutation]
 50931 | Slime:3  | Lost mutation: You have a pair of small antennae on your
                  | head. [potion of mutation]
 50931 | Slime:3  | Lost mutation: Your movements are slightly less encumbered
                  | by armour. (ER -2) [potion of mutation]
 50931 | Slime:3  | Lost mutation: You do not regenerate when monsters are
                  | visible. [potion of mutation]
 50931 | Slime:3  | Gained mutation: Your mind is acute. (Int +4, Str/Dex -1)
                  | [potion of mutation]
 50937 | Slime:3  | Gained mutation: You sometimes lose your temper in combat.
                  | [a shining eye]
 50950 | Slime:3  | Lost mutation: Your mind is acute. (Int +4, Str/Dex -1)
                  | [potion of mutation]
 50950 | Slime:3  | Lost mutation: You sometimes lose your temper in combat.
                  | [potion of mutation]
 50950 | Slime:3  | Gained mutation: Your spells are a little easier to cast,
                  | but a little less powerful. [potion of mutation]
 50950 | Slime:3  | Gained mutation: You sometimes lose your temper in combat.
                  | [potion of mutation]
 50950 | Slime:3  | Gained mutation: You are agile. (Dex +4, Str/Int -1)
                  | [potion of mutation]
 50951 | Slime:3  | Lost mutation: You are agile. (Dex +4, Str/Int -1) [potion
                  | of mutation]
 50951 | Slime:3  | Lost mutation: You sometimes lose your temper in combat.
                  | [potion of mutation]
 50951 | Slime:3  | Lost mutation: Your spells are a little easier to cast, but
                  | a little less powerful. [potion of mutation]
 50951 | Slime:3  | Gained mutation: You are partially covered in iridescent
                  | scales. (AC +2) [potion of mutation]
 50951 | Slime:3  | Lost mutation: You are partially covered in iridescent
                  | scales. (AC +2) [potion of mutation]
 51760 | Slime:5  | Entered Level 5 of the Pits of Slime
 51899 | Slime:5  | Noticed the Royal Jelly
 51918 | Slime:5  | Killed the Royal Jelly
 52185 | Slime:5  | Identified the +1 pair of gloves "Nuulen" {rC- Regen+ rCorr
                  | Int+2}
 52186 | Slime:5  | Identified the +5 great mace "Zupt" {vamp, *Noise rElec
                  | Will- rCorr}
 52192 | Slime:5  | Got a slimy rune of Zot
 52205 | Slime:5  | Identified the staff of air "Sofotwyo" {rElec rPois}
 52230 | Slime:5  | Identified the staff of death "Ranahey" {rF++ rN+ Will+}
 52249 | Slime:5  | Got the Disquisition on the Charmed Autopsy
 52271 | Slime:5  | Identified the staff of earth "Wooguxzu" {Will+ Str+3
                  | Int+2}
 52322 | Slime:5  | Identified the +0 chain mail "Calenuyf" {rN+ Slay+6}
 52822 | Vaults:5 | Entered Level 5 of the Vaults
 52824 | Vaults:5 | Downhatch on Vaults:4 leads to northeastern hallway on
                  | Vaults:5.
 52832 | Vaults:5 | Noticed a golden dragon
 52845 | Vaults:5 | Killed a golden dragon
 53106 | Vaults:5 | Noticed a dread lich
 53115 | Vaults:5 | Killed a dread lich
 53229 | Vaults:5 | Reached skill level 15 in Dodging
 53352 | Vaults:5 | Noticed Sojobo
 53362 | Vaults:5 | Killed Sojobo
 53407 | Vaults:5 | Noticed a golden dragon
 53417 | Vaults:5 | Killed a golden dragon
 53527 | Vaults:5 | Identified the +8 scimitar of the Known World {distort,
                  | rPois rC- Stlth+}
 53537 | Vaults:5 | Got the Quarto of the Door
 53541 | Vaults:5 | Identified the staff of earth "Faunt" {Contam rElec Str-3
                  | Int+8}
 53624 | Vaults:5 | Reached XP level 24. HP: 204/220 MP: 36/36
 53698 | Vaults:5 | Identified the ring of the Peculiar Curses {rF+ rC+ Stlth+}
 53709 | Vaults:5 | Noticed a dread lich
 53710 | Vaults:5 | Your ally Sojobo died
 53718 | Vaults:5 | Killed a dread lich
 53721 | Vaults:5 | Noticed a dread lich
 54524 | Vaults:5 | Got a silver rune of Zot
 54792 | Vaults:5 | Noticed a dread lich
 54802 | Vaults:5 | Killed a dread lich
 55804 | Depths:3 | Noticed a juggernaut
 55815 | Depths:3 | Killed a juggernaut
 55832 | Depths:3 | Noticed a juggernaut
 55923 | Depths:3 | Paralysed by something for 4 turns
 56037 | Depths:3 | Noticed a caustic shrike
 56051 | Depths:3 | Killed a caustic shrike
 56069 | Depths:3 | Found Fycyk's General Store.
 56232 | Depths:3 | Noticed Boris
 56351 | Depths:3 | Bought a potion of resistance for 140 gold pieces
 56351 | Depths:3 | Bought a scroll of teleportation for 42 gold pieces
 56416 | Depths:3 | Found a bloodstained altar of Trog.
 56432 | Depths:3 | Noticed a caustic shrike
 56437 | Depths:3 | Killed a caustic shrike
 56443 | Depths:3 | Identified the ring of Red Wine {rCorr Int+6 Slay-2}
 56631 | Depths:3 | Killed a juggernaut
 56666 | Depths:3 | Noticed a caustic shrike
 56682 | Depths:3 | Killed a caustic shrike
 56684 | Depths:3 | Found an ancient bone altar of Kikubaaqudgha.
 56984 | Depths:3 | Reached XP level 25. HP: 133/219 MP: 37/37
 57154 | Depths:3 | Killed Boris
 57400 | Depths:3 | PLUTONIUM SWORD
 57431 | Depths:3 | RING OF THE MAGE
 58345 | Depths:3 | Used too many healing wounds potions and teleport scrolls
                  | here. :/
 58417 | Depths:3 | Voluntarily entered the Abyss.
 58600 | Depths:3 | Escaped the Abyss
 58602 | Depths:3 | Voluntarily entered the Abyss.
 58777 | Abyss:4  | Found a corrupted altar of Lugonu.
 58857 | Abyss:4  | Gained mutation: You are weak. (Str -2) [a neqoxec]
 58889 | Abyss:4  | Paralysed by accursed screaming for 1 turns
 59065 | Abyss:5  | Got an abyssal rune of Zot
 59222 | Depths:3 | Escaped the Abyss
 59296 | Depths:3 | Secluded deep water vault with trees and orange brain
 59339 | Depths:4 | Entered Level 4 of the Depths
 59342 | Depths:4 | Noticed Boris
 59350 | Depths:4 | Killed Boris
 59393 | Depths:4 | Found a stormy altar of Qazlal.
 59903 | Depths:4 | Found Qiag Xad's Book Shoppe.
 59903 | Depths:4 | Found Koram's Jewellery Boutique.
 59912 | Depths:4 | Found Haw Toid's Book Shoppe.
 59937 | Depths:4 | Found a hide-covered altar of Uskayaw.
 60304 | Depths:4 | Identified the +5 chain mail of Edum {rCorr Str-5 Dex+3
                  | SInv}
 60357 | Depths:4 | Reached XP level 26. HP: 129/218 MP: 38/38
 60486 | Depths:4 | Identified the amulet of Utsu {Spirit MP-9 Int+2 SInv}
 60754 | Depths:4 | Identified the +2 quarterstaff "Hatede" {flame, MP+9 Dex+2}
 60815 | Depths:4 | Found a gate to the Realm of Zot.
 61175 | Pan      | Entered Pandemonium
 61778 | Pan      | Identified the +0 scale mail of the Evening Star {Str+3}
 61830 | Pan      | Reached skill level 1 in Shields
 62245 | Pan      | Reached skill level 5 in Stealth
 62559 | Pan      | Noticed Queni the pandemonium lord
 62605 | Pan      | Killed Queni the pandemonium lord
 62606 | Pan      | Reached skill level 5 in Shields
 62948 | Pan      | Found a runed translucent door.
 63004 | Pan      | Got a demonic rune of Zot
 64152 | Pan      | Gained mutation: You are clumsy. (Dex -2) [a cacodemon]
 64154 | Pan      | Gained mutation: Your magical capacity is low. (-10% MP) [a
                  | cacodemon]
 64159 | Pan      | Gained mutation: You are very weak. (Str -4) [a cacodemon]
 64208 | Pan      | Noticed Ignacio
 64223 | Pan      | HP: 16/342 [Ignacio/+4 executioner's axe of pain (2)]
 64225 | Pan      | HP: 6/342 [Ignacio/+4 executioner's axe of pain (4)]
 64225 | Pan      | Slain by Ignacio

Illustrated notes ####################### ##≈≈≈≈≈§≈≈≈≈§≈§≈≈≈≈≈≈## #≈≈§≈≈≈§~~~~§§~~≈≈≈≈≈≈# ≈§§~~~§~§~§~§§~§§§§≈≈≈# §§§§~~§§....§§~~§§~§§§## ~~§§..§§§.......§§§§§§§## §§§.§∩.♣..<......§§§~§§§## .§.............∩.....§~~§## ♣..∩....♣...♣...@.∩.......## .....................∩.§♣..# ...........................# ........................∩..# ..........................## ............................# ............................# ......................#####.# .....⌠........⌠......## # Turn 78 on D:1: Starting vault: beach of abandoned shops. #.#.###.#.# ....... #.#.# #.#.# ####### #.#.###.#.# ### #...[...#.# ####... ###.#####.# ....#. #.# #.# ##.... #.# #.#########. #.#g.g #.# #).).~~8~~.. #)### #.### ###)@.~~~... #g# #...# #.......## #.# ##### ###.# #.#####.# #g### ....# #..#####.## ##### #b#.# .##.####.......... ......#..#> .##...>.........# .......<... .#######..####..# #####.#.... .# #..# #..# #.#.#.# .#######..# # #.#.# Turn 1189 on D:2: +2 helmet on Robin ..###≈.....≈####...### ...#.........##.....≈# ....................≈# ........_........_..≈# ....................≈# ...#.........#......≈# ..###≈.....≈##...##### .## ##.....###...### .# ##...###...@.≈# .## ##...........≈# ..####.........⌠..≈# ..................≈# ........_..##.....≈# ...........##≈≈≈≈≈≈# ..####.....######### ≈≈# #≈≈≈≈≈# ### ####### Turn 2841 on Temple: Temple: whatever you call this interesting square pattern. #..##.##...........#....## #..##..#.#.###.....#....## ##..##..#.#.# #####.#....## #.......#.#.#######.##..... ###.##..#.................. ####..###............#### #..##................. #..........#.######### #....@##...#.#.# # *****#.....##...#<#)##### # *,,...........#.#.#.#...### **,###....###.#.#.........# *,* #..........#...#.....# *,* #....###.......[...... *,**#....###.......[[#.#.# *,,,...............)...#.. *,,***####........)....... Turn 2989 on D:4: +2 cloak of stealth in western

D:4.
.##.#####.#.......######**,*****
..#.....................,,,******
#.##.##.##.......###*###**,,,,,,,
.........#.#..##.#*,....**,******
...........#..##.#*.....**,******
..⌠...⌠..#....##.##.....**,*,,,**
.........#..............,,,,,,,,,
....>.......#.##........,,,,,*,,,
.........#..#...@.......**,***,,,
..⌠...⌠..####...........**,* *,,,
.............#..........**,* *,,,
.........#..............**,* *,,,
#.##.##.##...#...o......,,,* *,,,
.............#....l..o..**** *,,,
#.####......<#......o.o.+,* **,,
#.# #.......#..?.....o.*,*****,,
#.# #.##.####,,,,,,,,,,*,,,,,,,,


Turn 3087 on D:4: Raiq randart in central D:4 *********#.######################
*,,.............ZZ....ZZ... *******,,....?....Z##############
,,,,,,,,,........Z.# ***,,,,,,...>.....######*** ,,,,,,,,,.........Z.....,,*
,,*,,,,,,...............,,* ,,*,,,,,,...........K...,,*
,,*,,,,,,.......@.......,,* ,,,,,,,**#.###.##.......,,*
,,*,,,,,,[,,...*#.......,,* ,,,,,,,,,,.....**#......,,*###### ,*###**,,......*
*....?.,,*...... ,*#.# *,,.....,* *......,,*.##### ,*#.# ***#+##*,###..$...,,*,*
,*#.######.###...#,.....,,*,* ###.##.........#.#,,,,,,,,*,***## Turn 3256 on
D:4: It's in northern D:4. #Z#####.###..Z........# #.#####..##.####l####.#
.........ZZ.#.^#Z#^.# #.#...#.###.##^#.#^## #..#.#..# #.#.^#.#^.# #...<...#
..##^#Z#^## #..#.!......#.^#Z#^.# #.#...#.##..####'####.#.
.....##........#@#...... ...#.#####.#...###.####. .# ## .....(....# # .#...
.....#.#### #..... .....#. #..# .... #. ...# .... #. ##.# #. # # Turn 7105 on
D:8: 6 stones behind that alarm trap in that one vault #
##.###########..##...... . #.#..####....####..#....[.
..#.#c###.)).....###.#...... .....##...#..#...##........
#.###..##..##..###...#### #.##.)##...[##..##..## #.##..##....##..##..#
#.##..##....##..##..# #.##..##@ZZ.##..##..# #.###..######..###..#
#..##...####...##...# ##.###.)......###.#.# #..###).....###..#[#
##..##......##..##.# ....................# ###..#........####### ##....#######
Turn 9009 on D:10: Staff of earth #..).................. #.......Z.........^...
#..Z.ZZZZ.ZZZ######### #Z##########ZZ# #.# #.Z## #.# ##Z..##
#.#########ZZZ..###### #.Z.....##.ZZ_...##... #..Z.@..##.Z)....##...
##########'#####^##.## #Z########.# ##Z....##..# #######...# #...# #...#
#################...# #...................## Turn 11736 on D:12: staff of
conjuration *,,,,,*,**,**,,,,,**,,,*,**,*,**, **,*,,,,**,**,*,,,****,,,**,*,**,
*,,,,,,,**,****#..# *,*,,*,*,,,, **,,,,,,**,,* #..** *,,,**,*,**, **,*,,,,**,**
*#..~* *,,,,,,*,**, ,*,,,,,,,*,* *≈§≈~* *,*,**,*,**, ,,,*,,,,,,,* *#§#**
*,,,,*,,,,*, ,,,,,,,,**,* ##§## **,*,**,,,,*, ,,,,,,,,**,***#.@.# *,,*,**,,,,*,
,,,,,**,**,,,*#.Z.#*#..#,,*,*,,,, ,,,,,**,**,,,*#...#*....,,*,*,,,,
,,,,,,,,,*,***#...#.....,,,,,,,,, ,,,,,,*,,*,*,,#...#....#,,,,*,,,,
,,,,,**,,,,*#,#..#......,*,,,,,,, ,*,,,**,*,,##.#..#......,*,,*,,,,
**,,,**,**,#...........P,**,,,,,, **,*,,,,,*,#..##.##..#.#,**,*,,,, Turn 14092
on Lair:1: Volcano entrance in center-east area; pretty much just a walk
northwards from Lair entrance. #○○○ #.≈≈ #### #### ##.≈≈ ##≈.## #..### ##.§≈°
##≈≈..###.≈..# #..≈°° #≈≈....#..≈..###○≈°≈° #≈≈....'.≈≈≈≈.##°°≈v≈
#≈≈...##≈≈☼≈≈..°###≈# #≈..@[##≈≈°○≈######## #≈..).####≈≈##)'#≈###
#≈.[...)#####.##.≈≈≈. #≈≈....#.##..###.≈≈.≈ ##≈≈..###...## ##.≈≈≈ ###..# ##.##
#.§≈≈ #### ### ##.≈≈ #.≈≈ ##.. Turn 14526 on Volcano: Not too easy a volcano,
and I already cleared the Orcish Mines. #..........##..# #....####### ..
#...########. . #...##....... #...##....... #...##......# #.......##..####
#.......##.....# #.......##....@## #.......##......#### #.......##....Z......
#.......##........... #####...##...######## ######..##.ZZ##########
#...##).##.....Z......# #...##.)##.....Z......# #...##.)##...#####....# Turn
22143 on Snake:2: triple sword ~~~~~.~♣~~§..~~~)~~.~§~~♣
~~~~~!.~.♣~.~.~~~~.♣~~~.♣ ~...~~~.~.~♣♣.~~)~~♣♣..~♣ ....~~~.~.~♣.~~~[..♣♣♣♣♣♣
§~..~~......~~Z~~~.♣**** ♣♣♣~...~..~.§~~~~?♣♣♣,,♣ ♣♣♣..~~♣♣♣~~.~~~~~~~♣,~♣♣
♣♣.<.~.♣♣~~~~~~~~~.♣♣~~!♣ ♣♣.~~~~.~~~~~...@....~~.♣ ♣.~~~~..~~..~♣♣♣♣......♣♣
..§~~.~~~~♣♣♣♣ ♣♣§~♣♣♣♣ .~~~.~.~♣♣♣ ♣♣♣♣ ♣♣..♣♣~~♣ ~♣♣♣♣♣~♣♣ ~~♣ ♣♣♣ .♣♣ ~♣ Turn
30125 on Swamp:4: acquirement scroll in southeast ##### #.#....<#
#.....#.#.###.# .#.......# #.# #.........# #.# #..<......###.#
#...?.......#.##### #.................#.# #...###.#####.......# #... ....
#.Z@#..... #.. #.#.# ###.# ### #.#. .... . ...#.# #####.# # Turn 32609 on D:15:
staff of air ####...### ##...e..... ......... .....).. . #..... .# ... ##(..##
...# ....#.....#....# ..e............. .......@.e...... .......e........
....#.....#....# ... ##...###...# .. ..e.. ...# ....... .## ........ # .........
Turn 33497 on Elf:1: Very open area for Elf Halls entrance. .... ... ####... #
#..... ##.# ....###### ..... ......... ......#..###... .......@..>...(
.#.........#... .####.#.##.# ......#.# # . .## #.( # #(.. #... #.... Turn 35473
on Elf:2: distortion reaching weapons :) ******,,,,,#....##.......#.....'.
,,,,**,,,,*############..#.....#. ,,,,*****,,,,,,,,,,,,,#..#.....#.
,,,,*,,,,,###########,#..#.....#. ,,,,*,,,,,#.........#,#..#.....#.
,,***,,,,,#.#######.#,#..'.....#. ,,,,,,,,,,#.#,,,,.#.#,#..#.....#.
,,,,,,,,,,#.#,###.#.#,#..#.....+. ,,,,,*****#.#,#.@.#.#,#'##.....#. *,,,,*
#.#,#.###.#,#......<.#. **,,,* #.#,#.....#,#........#. ,*,,,*
#.#,#######,#...###+##. **,,,* #.#,,,,,,,,,#...#,,,*#. *,,,,*
#.###########...#,,,... ,,,,,* #............^..#,,....
,,,,,*****#############...#,,.... ,,,,,*,,,,,**,,,#.........#,,,,,, Turn 46406
on Depths:2: It's in the northeast in a looping vault with Zot-like walls.
,,,*,,,,,,,,,,*,,* *,,,*,,,,,,,,,#..# **,,,*,,,,,,,,#..# ,**,,,*,,,,,,,#..#
,,**,,,*,,,,,,#.$# ,,,**,,,*,,,,,#..# *,,,**,,,*,,,,#..# **,,,**,,,*,,,#..#
,,,,,,**,,,*,,#.@# ,***,,,**,,,*,#..# ,,***,,,**,,,*#..# ,,,***,,,**,,,#..#
*,,,***,,,**,,#..# **,,,***,,,**,#..# ,**,,,***,,,*,#..# ,,**,,,***,,,,#..#
,,,**,,,***,,,*,,* Turn 52824 on Vaults:5: Downhatch on Vaults:4 leads to
northeastern hallway on Vaults:5. * *,*,...,,*####..#...##..#,#.#,* *
*,,#.C.#,,...#...#.###..#.#...* ***,*..,..####..#.#..###..#.#.#.#
,,,,*,.*.........#.......#.#.#*.# ***,**.#*#.#.#...[............*,, *
*,*,#.*##.|.#.8.8...)...###.*,, #*,,*#.##......._)..)....#,,*,,,
#.,**#.#.#...#.8.8....)..##,**,, *#.,*###.#.#.#.Z@ZZ........####,*
.#..##..[#.#..#ZZZ.....##.....#.# ....#)#####..#..###..#).#.###.#..
#....#.).#..#...#.)...#..).#,,... #...#.###..#.)#.##).#..#..###.*..
#...##...##..#...##.##........*.. #.#.##...##(#.#.#.##.Z........*..
#.#.#..#....#....##..Z...##.###.. ......###.##)##.................# Turn 57400
on Depths:3: PLUTONIUM SWORD * *,,#.C.#,,...#...#.###..#.#...*
***,*..,..####..#.#..###..#.#.#.# ,,,,*,.*.........#.......#.#.#*.#
***,**.#*#.#.#...[............*,, * *,*,#.*##.|.#.8.8...)...###.*,,
#*,,*#.##......._)..)....#,,*,,, #.,**#.#.#...#.8.8....)..##,**,,
*#.,*###.#.#.#.ZZZ.........####,* .#..##..[#.#..#Z@ZZ....##.....#.#
....#)#####..#..###..#).#.###.#.. #....#.).#..#...#.)...#..).#,,...
#...#.###..#.)#.##).#..#..###.*.. #...##...##..#...##.##........*..
#.#.##...##(#.#.#.##.Z........*.. #.#.#..#....#....##..Z...##.###..
......###.##)##.................# ....#..#....#...##.......##.###.# Turn 57431
on Depths:3: RING OF THE MAGE #....Z..# #.#...# #.......# #.###Z# #.......# #.#
#Z# #.......# #.# #Z. #.......# #.###.# #.(.....# #####.Z...# #.......#
#..ZZ.###.# #.......# #Z##### #.# #......@# #Z# ##.. #.....Z.# #.## #..#
#.......# ##..#####..# #.......# ##.......#..# #.......# #..#####....# #.).)...#
#.##...##.... #..∩....# #.#.....#...# #.......####§#..>..#...#
#...).....).§#.....#.#.# Turn 58345 on Depths:3: Used too many healing wounds
potions and teleport scrolls here. :/ ######.#####. ##.#####. #.....[[)
#.######' #.###..∩. ###### #.#.'.... #≈≈≈≈# #...#...) #≈♣♣≈# ###.#(...
#≈♣♣@##########'#.... #≈≈≈≈................ ############......... #.........
#......(<. #......... #......... #......... ########## Turn 59296 on Depths:3:
Secluded deep water vault with trees and orange brain

Levels and vault maps discovered:
D:1:      tekkud_arrival_beachfront_property, layout_rooms
D:2:      layout_loops_ring, basic_altar, moated_statue, uniq_robin
D:3:      layout_basic, mainiacjoe_overflow_24_doors,
          mainiacjoe_overflow_small_starburst, serial_shops,
          nicolae_shop_back_alley_shop
D:4:      layout_basic, minmay_temple_entry_large_hall
D:5:      gammafunk_wand_slinger, layout_loops_cross, gup_sewer_entry_glass,
          uniq_duvessa
D:6:      layout_gridville, gammafunk_ghost_abyssal_escape,
          hangedman_decor_clover_reticule
D:7:      layout_loops_cross, hangedman_abyss_or_decor_stabs
D:8:      layout_loops_cross, trog_wizard, grunt_tough_drop
D:9:      layout_loops_ring, lemuel_doored_altar, mainiacjoe_overflow_two_lobes,
          kennysheep_flooded_box
D:10:     layout_roguey, dpeg_oklobed_lair, minmay_mirror_moons_of_madness
D:11:     layout_irregular_city, elyvilon_altar_3
D:12:     layout_long_grid, david_orc_3, serial_shops, nicolae_stop_n_shop_1,
          shop, trog_butcher_becter, uniq_urug, uniq_maurice
D:13:     layout_loops_cross, enter_trove_3, uniq_josephine
D:14:     layout_long_grid, lightli_vaults_fourway_checkpoint,
          skrybe_limestone_x, serial_shops, nicolae_shop_tiny_statue_garden,
          hangedman_ranch, uniq_lodul
D:15:     hangedman_depths_entry_civil_slaughter, layout_basic,
          minmay_misc_feat_more_columns
Temple:   nicolae_temple_slightly_damp_pantheon
Lair:1:   layout_long_grid, nicolae_volcano_entry_two_sided,
          nzn_sisyphean_effort, grunt_megastairs_5, uniq_maggie, uniq_amaemon
Lair:2:   layout_chaotic_city, nicolae_snake_entry_squirm, evilmike_ambush
          [evilmike_ambush_outer_basic, evilmike_ambush_inner_wall_1]
Lair:3:   layout_misc_corridors, swamp_mist, uniq_rupert, uniq_gastronok
Lair:4:   layout_roguey
Lair:5:   evil_forest, layout_regular_city, slime_entry_2, grunt_megastairs_4
Swamp:1:  layout_basic_swamp, gammafunk_ghost_cemetery, hangedman_swamp_cone,
          swamp_pool1, nicolae_swamp_oklob_treasure_island, uniq_donald
Swamp:2:  layout_basic_swamp, nicolae_swamp_tree_designs
Swamp:3:  layout_falls_marsh, evilmike_swamp_ruin_house_3,
          infiniplex_staircase_pool, uniq_louise
Swamp:4:  nzn_swamp_witches_coven, layout_basic_swamp, swamp_pool1
Snake:1:  layout_chambers, serial_shops, shop, nicolae_square_shop, shop, shop,
          nicolae_specific_store
Snake:2:  layout_grid_maze, nicolae_snake_coiling_death, nicolae_integral_box
Snake:3:  layout_onion, uniq_kirke
Snake:4:  minmay_snake_end_coiled, layout_cave_town, minmay_shop_star
Slime:1:  layout_caves
Slime:2:  layout_caves, nicolae_slime_rock_hall_of_fame
Slime:3:  layout_caves
Slime:4:  layout_caves
Slime:5
Orc:1:    layout_caves, basic_altar
Orc:2:    st_orc_mages, layout_diamond_mine, serial_shops,
          nicolae_shop_gaudy_bauble, uniq_sonja
Elf:1:    minmay_elf_arrival_circle, layout_gridlike, minmay_elf_necromancy
Elf:2:    nicolae_elf_blades_crystal_corner, layout_loops_cross, uniq_aizul,
          uniq_nikola
Vaults:1: ontoclasm_vaults_gateway, dpeg_vaults_monster_box, v_misc_32,
          vaults_room_boxed, v_misc_23, nicolae_vaults_stairing_the_circle,
          nicolae_vaults_tetromino_L_2, nicolae_vaults_tetromino_T_1,
          v_pattern_3, nicolae_vaults_layer_cake_slice, nicolae_vaults_six-pack,
          nicolae_vaults_security_offices_6, layout_vaults_omnigrid,
          uniq_asterion, uniq_saint_roka
Vaults:2: minmay_crypt_entry_necro_gods, nicolae_vaults_double_plus_2,
          nicolae_vaults_weapon_check, nicolae_vaults_shipping_containers_1,
          nicolae_vaults_asterisk, nicolae_vaults_closet_pinwheel_5,
          grunt_vaults_focal, nicolae_vaults_back_hallway,
          nicolae_vaults_trapezoid_1, v_misc_25,
          nicolae_vaults_frosty_reception, vaults_dpeg_ring,
          nicolae_vaults_diamond_1, nicolae_vaults_trapezoid_1,
          layout_vaults_ring
Vaults:3: gammafunk_ghost_crypt, hangedman_vaults_trim, v_misc_30,
          nicolae_vaults_offset_grid_hallway_3, v_misc_19, v_misc_33,
          nicolae_vaults_corpse_flower, nicolae_vaults_variable_pillar_hall,
          nicolae_vaults_tangram_2, hangedman_vaults_slice,
          nicolae_vaults_doubleplus_tesselated, nicolae_vaults_more_shelving_2,
          ontoclasm_vaults_ring_square, vaults_dpeg_emergency_exit,
          layout_vaults_omnicross, serial_shops, nicolae_shop_behind_doors,
          shop, nicolae_shop_industrial_runoff
Vaults:4: nicolae_vaults_little_squares_6, v_misc_3,
          nicolae_vaults_storage_closets_2, nicolae_vaults_double_plus_2,
          nicolae_vaults_wine_cellar, nicolae_vaults_little_squares_5,
          nicolae_vaults_little_squares_6, layout_vaults_big_room
Vaults:5: serial_shops, uniq_sojobo
Depths:1: layout_twisted_cross, minmay_misc_feat_rows, pf_hell_entry_great_geh,
          nicolae_wwwww, chequers_serial_rivers_room_b,
          minmay_misc_feat_enclosed, minmay_misc_feat_chi, st_stairs_9,
          hangedman_summoners_spam
Depths:2: hangedman_cross_veins, layout_gridville, enter_ziggurat_b, hell_entry,
          ebering_ghost_disaster_area, serial_sigils_hangedman_snap,
          mu_enter_wizlab_7, rand_demon_pan_entry_8,
          serial_sigils_hangedman_clutch
Depths:3: minmay_the_grid_square_5x5_5x5_mashed [minmay_the_grid_square_5x5_z,
          minmay_the_grid_square_5x5_three_walls,
          minmay_the_grid_square_5x5_empty, minmay_the_grid_square_5x5_plus,
          minmay_the_grid_square_5x5_one_wall,
          minmay_the_grid_square_5x5_shrine2,
          minmay_the_grid_square_5x5_prize_snowflake,
          minmay_the_grid_square_5x5_beaten_path,
          minmay_the_grid_square_5x5_prize_open, minmay_the_grid_square_5x5_tie,
          minmay_the_grid_square_5x5_six_small,
          minmay_the_grid_square_5x5_lines,
          minmay_the_grid_square_5x5_prize_pseudospiral,
          minmay_the_grid_square_5x5_hollow_slash,
          minmay_the_grid_square_5x5_inner_i,
          minmay_the_grid_square_5x5_almost_minimal,
          minmay_the_grid_square_5x5_prize_monsterx,
          minmay_the_grid_square_5x5_shrine1,
          minmay_the_grid_square_5x5_prize_open,
          minmay_the_grid_square_5x5_longway, minmay_the_grid_square_5x5_fat_x,
          minmay_the_grid_square_5x5_two, minmay_the_grid_square_5x5_corner,
          minmay_the_grid_square_5x5_bite,
          minmay_the_grid_square_5x5_eight_small], layout_gridlike, hell_entry,
          pan_entry, kiku_gazebo_garden_becter, abyss_entry_crystal,
          serial_shops, shop, minmay_staircase_bubble, uniq_boris
Depths:4: lemuel_castle_with_subvaults [lemuel_castle_interior_carwin_1],
          layout_cave_pools, hell_entry, nicolae_uskayaw_dance_hall,
          nicolae_qazlal_scattered_showers, minmay_shop_grove
Hell
Pan:      gammafunk_dig_for_victory, layout_basic, rand_demon_1,
          layout_cellular_growth, pan_blood_fountain_small,
          regret_index_pan_draining_boxed, layout_long_grid,
          pan_blood_fountain_small, grunt_pan_zigzag, layout_rooms,
          rand_demon_9, layout_basic, uniq_ignacio, reaverb_pan_squares,
          reaverb_pan_chaos_star

Skill      XL: |  1  2  3  4  5  6  7  8  9 10 11 12 13 14 15 16 17 18 19 20 21 22 23 24 25 26 |
---------------+-------------------------------------------------------------------------------+-----
Polearms       | 5 6 7 8 9 11 13 14 15 16 18 19 20 23 | 23.8
Fighting       | 3 4 5 7 9 10 12 13 14 15 16 18 20 22 24 25 | 25.0
Dodging        | 5 9 12 14 15 16 | 16.2
Armour         | 1 2 3 5 6 8 9 10 11 12 13 14 16 18 19 20 21 | 21.2
Invocations    | 1 2 5 7 8 10 11 13 14 15 16 18 19 21 22 | 22.5
Stealth        | 3 7 |  7.6
Evocations     | 4 7 9 |  9.0
Shields        | 9 |  9.6
Throwing       | |  2.0

Action                     |  1- 3 |  4- 6 |  7- 9 | 10-12 | 13-15 | 16-18 | 19-21 | 22-24 | 25-27 || total
---------------------------+-------+-------+-------+-------+-------+-------+-------+-------+-------++-------
  Melee: Trident           |   119 |   160 |   374 |   521 |   183 |       |       |       |       ||  1357
         Punch             |     3 |     2 |     7 |     5 |     1 |       |       |       |       ||    18
         Tailslap          |       |       |     8 |       |       |    16 |       |       |    16 ||    40
         Glaive            |       |       |       |    70 |   554 |   753 |   863 |  1013 |   633 ||  3886
         Demon trident     |       |       |       |       |       |       |       |       |   509 ||   509
  Throw: Throwing net      |     1 |     2 |       |       |       |       |       |       |       ||     3
         Stone             |     1 |       |     4 |       |       |     1 |       |     1 |       ||     7
 Invoke: Recall Undead Har |       |       |    10 |    21 |    14 |    30 |    17 |    19 |    12 ||   123
         Dark Bargain      |       |       |     3 |       |     2 |     1 |       |       |     2 ||     8
         Drain Life        |       |       |       |       |     2 |     2 |     4 |     1 |       ||     9
         Bind Soul         |       |       |       |       |     2 |     5 |     3 |     4 |     6 ||    20
  Evoke: Wand              |       |       |     1 |     8 |     1 |     5 |       |     9 |     7 ||    31
         Tin of tremorston |       |       |       |       |       |     2 |       |     4 |     2 ||     8
         Lightning rod     |       |       |       |       |       |       |     3 |    13 |     4 ||    20
         Box of beasts     |       |       |       |       |       |       |       |     1 |       ||     1
    Use: Scroll            |     1 |     4 |    13 |    14 |     8 |    14 |     7 |    30 |    21 ||   112
         Potion            |     1 |     3 |       |     3 |     2 |    10 |    14 |    20 |    26 ||    79
   Stab: Held in net/web   |       |     1 |       |       |       |       |       |       |       ||     1
         Distracted        |       |       |     5 |       |    11 |    16 |     9 |    22 |    25 ||    88
         Paralysed         |       |       |       |     1 |       |     3 |       |       |       ||     4
         Sleeping          |       |       |       |       |     4 |    12 |     4 |     1 |     1 ||    22
         Invisible         |       |       |       |       |       |       |     1 |     2 |     6 ||     9
 Armour: Leather armour    |     6 |       |       |       |       |       |       |       |       ||     6
         Scale mail        |    64 |    68 |     1 |       |    13 |       |       |       |       ||   146
         Skin              |       |    25 |       |       |       |       |       |       |       ||    25
         Chain mail        |       |       |   186 |   462 |   547 |   541 |   148 |       |       ||  1884
         Plate armour      |       |       |       |       |       |       |   530 |   646 |   951 ||  2127
  Dodge: Dodged            |    94 |    68 |   171 |   300 |   361 |   372 |   512 |   607 |   745 ||  3230
  Block: Tower shield      |       |       |       |       |       |       |       |       |   430 ||   430
